 Dungeon Crawl Stone Soup version 0.31-a0-219-g8d62b2e7bb (webtiles) character file.

Game seed: 3436805463740159273

1323 Ge0ff the Basher (level 8, -1/58 (67) HPs)
             Began as an Armataur Reaver on July 3, 2023.
             Was an Initiate of Ashenzari.
             Slain by a wight
             ... wielding a +2 spear of venom
              (2 damage)
             ... on level 6 of the Dungeon.
             The game lasted 00:15:55 (6121 turns).

Ge0ff the Basher (Armataur Reaver)                  Turns: 6121, Time: 00:15:55

HP:   -1/58 (67)    AC:  7    Str: 20    XL:     8   Next: 33%
MP:   11/11         EV:  8    Int: 13    God:    Ashenzari [......]
Gold: 244           SH:  5    Dex:  9    Spells: 10/11 levels left

rFire   . . .        a - +2 mace (heavy)
rCold   . . .        (no shield)
rNeg    . . .        f - +0 ring mail
rPois   .            (no helmet)
rElec   .            n - +0 cloak
rCorr   .            (no gloves)
SInv    .            (no barding)
Will    .....        S - amulet "Elysian Negation" {Reflect SH+5, Melee, Self} (curse)
Stlth   +            (no ring)
HPRegen 0.29/turn    (no ring)
MPRegen 0.12/turn

%: reflection, roll
@: lethally poisoned (-1 -> -20), heavily drained
A: large, rugged brown scales 3, deformed body, armoured tail, roll, long
tongue, awkward tongue
a: Renounce Religion, Shatter the Chains


You were on level 6 of the Dungeon.
You worshipped Ashenzari.
Ashenzari was noncommittal.
You visited 2 branches of the dungeon, and saw 7 of its levels.

You collected 244 gold pieces.

Inventory:

Hand Weapons
 a - a +2 heavy mace (weapon)
 b - a +0 mace of draining
 G - a +0 flail
 K - a +1 hand axe of flaming
 M - a +0 dagger of venom
 O - a +0 sling
Missiles
 k - 16 poisoned darts
 N - 22 stones (quivered)
 P - 2 boomerangs
Armour
 f - a +0 ring mail (worn)
 n - a +0 cloak (worn)
 E - a +0 kite shield
 Q - a +0 scale mail
 R - a +0 leather armour
 Y - a +0 chain mail
 Z - a scarf of invisibility
Magical Staves
 H - a staff of conjuration
Jewellery
 S - the cursed amulet "Elysian Negation" (around neck) {Reflect SH+5, Melee, Self}
   (You found it on level 4 of the Dungeon)

   [amulet of reflection]

   It reflects blocked missile attacks.
   SH:        It affects your SH (+5).
   It has a curse which improves the following skills: Melee Combat: Short
   Blades, Long Blades, Axes, Maces & Flails, Polearms, Staves and Unarmed
   Combat.
   Introspection: Fighting and Spellcasting.
Wands
 e - a wand of charming (7)
Scrolls
 i - a scroll of identify
 y - 2 scrolls of immolation
 C - a scroll of poison
 J - a scroll of silence {unknown}
 T - 3 scrolls of teleportation
 U - a scroll of amnesia {unknown}
 V - 2 scrolls of vulnerability {unknown}
 W - 2 scrolls of enchant weapon {unknown}
Potions
 u - a potion of mutation {!q}
 z - 2 potions of brilliance
 F - 2 potions of heal wounds {unknown}
 I - a potion of invisibility
 L - 2 potions of lignification
 X - 3 potions of enlightenment {!q}


   Skills:
 + Level 3.1(3.4) Fighting
 + Level 8.7(9.1) Maces & Flails
 - Level 2.0 Throwing
 - Level 2.0 Armour
 - Level 1.3 Dodging
 - Level 2.0 Stealth
 - Level 1.7(2.1) Spellcasting
 - Level 2.6 Conjurations


You had 10 spell levels left.
You knew the following spells:

 Your Spells              Type           Power      Damage    Failure   Level
E - Kiss of Death         Conj/Necr      16%        2d6       24%         1

Your spell library contained the following spells:

 Spells                   Type           Power      Damage    Failure   Level
 Momentum Strike          Conj/Tloc      8%         3d8       36%         2
 Hailstorm                Conj/Ice       4%         3d4       58%         3
 Inner Flame              Hex/Fire       1%         N/A       77%         3
 Yara's Violent Unravell  Hex/Tmut       0%         3d3       100%        5
 Enfeeble                 Hex            0%         N/A       100%        7


Dungeon Overview and Level Annotations

Branches:
Dungeon (6/15) Zot: 26498  Temple (1/1) D:4 Zot: 5762

Altars:
Ashenzari
Cheibriados
Dithmenos
Elyvilon
Fedhas
Gozag
Hepliaklqana
Kikubaaqudgha
Makhleb
Nemelex Xobeh
Okawaru
Qazlal
Sif Muna
Trog
Vehumet
Wu Jian
Xom
Yredelemnul
Zin
The Shining One

Annotations:
D:1 basher 14.9 m&f


Innate Abilities, Weirdness & Mutations

You are completely covered in rugged brown scales. (AC +3, +7% HP)
Armour fits poorly on your strangely shaped body.
You have a long armoured tail.
You roll when moving toward enemies. (Rampage)
Your long tongue fully drains potion bottles. (2x potion effects)
Your tongue gives you trouble enunciating. (1.5x scroll delay)


Message History

The wight throws a stone.
The stone hits you but does no damage.
A wight comes into view. It is wielding a +2 spear of venom.
An orc comes into view. It is wielding a +0 short sword.
The wight throws a stone.
The stone hits you.
The wight throws a stone.
The stone hits you.
The orc shouts!
A wight comes into view. It is wielding a +6 halberd.
You barely miss the wight.
The wight is lightly damaged.
The wight hits you but does no damage.
A wight comes into view. It is wielding a +6 mace.
The wight hits you with a +3 falchion of freezing.
You feel drained. The wight freezes you.
A wight comes into view. It is wielding a +0 mace.
You hit the wight. You tail-slap the wight.
The wight is heavily damaged.
The wight hits you with a +3 falchion of freezing.
You feel drained. The wight freezes you. You block the wight's attack.
You barely miss the wight.
Your tail-slap misses the wight.
The wight is heavily damaged.
You block the wight's attack. The wight hits you but does no damage.
You are poisoned.
You block the wight's attack.
The wight hits you from afar with a +2 spear of venom.
You feel drained.
You are more poisoned.
You hit the wight but do no damage. You tail-slap the wight.
The wight is almost destroyed.
You feel very sick.
The wight hits you with a +3 falchion of freezing!
You feel drained. The wight freezes you.
The wight hits you from afar with a +2 spear of venom.
You are more poisoned.
You feel very sick.
You hit the wight.
You destroy the wight!
* * * LOW HITPOINT WARNING * * *
You feel very sick.
The wight hits you from afar with a +2 spear of venom!
* * * LOW HITPOINT WARNING * * *
You feel drained.
* * * LOW HITPOINT WARNING * * *
You are more poisoned.
The wight hits you from afar with a +2 spear of venom.
* * * LOW HITPOINT WARNING * * *
You feel drained.
You die...

....... .......
....... .......
....... .....#
####z...# #.)zz.#
#@###.# #.###.#
##########.....#
#......#...^####
#........####
#........#######
#........))<...#
#......#..#)...#####.#
#......##.####.......#


You could see 3 wights.

Vanquished Creatures
  An orc warrior (D:5)
  A black bear (D:4)
  A phantom (D:5)
  A gnoll sergeant (D:6)
  A scorpion (D:5)
  A wight (D:6)
  2 howler monkeys
  4 hounds
  5 orc priests
  3 iguanas (D:5)
  Jessica (D:3)
  A sleepcap (D:5)
  3 orc wizards
  12 gnolls
  16 adders
  A shadow imp (D:6)
  A white imp (D:5)
  An ufetubus (D:5)
  4 worms
  A dart slug (D:1)
  12 orcs
  5 endoplasms
  3 giant cockroaches
  2 goblins
  13 hobgoblins
  7 jackals
  5 kobolds
  5 ball pythons
  8 bats
  5 frilled lizards
  10 rats
136 creatures vanquished.

Notes
Turn   | Place    | Note
-------+----------+-------------------------------------------
     0 | D:1      | Ge0ff the Armataur Reaver began the quest for the Orb.
     0 | D:1      | Reached XP level 1. HP: 18/18 MP: 3/3
   216 | D:1      | Reached skill level 3 in Maces & Flails
   216 | D:1      | Reached skill level 1 in Stealth
   255 | D:1      | Reached XP level 2. HP: 25/25 MP: 4/4
   856 | D:1      | Reached XP level 3. HP: 10/31 MP: 5/5
  1560 | D:2      | Reached skill level 4 in Maces & Flails
  1616 | D:2      | Reached XP level 4. HP: 35/38 MP: 6/6
  2404 | D:2      | Reached XP level 5. HP: 33/43 MP: 7/7
  2510 | D:2      | Reached skill level 5 in Maces & Flails
  2647 | D:2      | Reached skill level 1 in Armour
  2767 | D:3      | Noticed Jessica
  2787 | D:3      | Killed Jessica
  3069 | D:3      | Found a glowing golden altar of the Shining One.
  3069 | D:3      | Found a faded altar of an unknown god.
  3430 | D:4      | Noticed a black bear
  3441 | D:4      | Killed a black bear
  3442 | D:4      | Reached skill level 1 in Throwing
  3442 | D:4      | Reached XP level 6. HP: 45/54 MP: 8/8
  3683 | D:4      | Found a staircase to the Ecumenical Temple.
  3824 | Temple   | Entered the Ecumenical Temple
  4152 | D:4      | Reached skill level 6 in Maces & Flails
  4162 | D:4      | Reached XP level 7. HP: 51/60 MP: 9/9
  4603 | D:5      | Entered Level 5 of the Dungeon
  4753 | D:5      | Found a broken altar of Ashenzari.
  4759 | D:5      | Saw a vision of the Swamp and the Snake Pit.
  4759 | D:5      | Noticed a naga sharpshooter
  4759 | D:5      | Noticed an anaconda
  4759 | D:5      | Noticed a black mamba
  4759 | D:5      | Noticed a naga mage
  4759 | D:5      | Noticed a mana viper
  4759 | D:5      | Noticed a black mamba
  4759 | D:5      | Noticed a ghost crab
  4759 | D:5      | Noticed a goliath frog
  4759 | D:5      | Noticed a will-o-the-wisp
  4759 | D:5      | Noticed a goliath frog
  4759 | D:5      | Noticed a four-headed hydra
  4759 | D:5      | Noticed a tyrant leech
  4759 | D:5      | Noticed a tyrant leech
  4759 | D:5      | Noticed an alligator
  4759 | D:5      | Noticed a mana viper
  4759 | D:5      | Noticed a salamander
  4760 | D:5      | Noticed a salamander
  4760 | D:5      | Noticed an eleionoma
  4763 | D:5      | Became a worshipper of Ashenzari the Shackled
  4785 | D:5      | Reached skill level 7 in Maces & Flails
  5142 | D:5      | Reached XP level 8. HP: 60/67 MP: 10/10
  5279 | D:5      | Reached skill level 8 in Maces & Flails
  6121 | D:6      | HP: 1/59 [wight/+2 spear of venom (4)]
  6121 | D:6      | Slain by a wight

Illustrated notes

Levels and vault maps discovered:
D:1:      ncdulo_halloftheorcs, layout_loops_corners, roderic_lattice_a,
          chequers_serial_rivers_micro_d, minmay_heptomino_l4
D:2:      layout_basic, hangedman_decor_clover_reticule
D:3:      layout_rooms, lemuel_round_altar, dreamdust_ecumenical_altar_statues,
          serial_bayou, serial_bayou_pond_e, serial_bayou_lagoon_b,
          serial_bayou_lake_a, serial_bayou_pond_e, kennysheep_generic_room_13,
          uniq_jessica
D:4:      layout_rooms, minmay_temple_entry_large_hall, kennysheep_boxes
D:5:      layout_loops_ring, grunt_ashenzari_visionary
          [grunt_ashenzari_visionary_swamp, grunt_ashenzari_visionary_snake]
D:6:      layout_rooms
Temple:   mainiacjoe_temple_bowtie_tessellation

Skill      XL: |  1  2  3  4  5  6  7  8 |
---------------+-------------------------+-----
Maces & Flails | 3 4 5 6 7 8 |  8.7
Stealth        | 1 2 |  2.0
Fighting       | 2 3 |  3.1
Armour         | 2 |  2.0
Throwing       | 1 2 |  2.0
Dodging        | |  1.3
Spellcasting   | |  1.7
Conjurations   | |  2.6

Action                     |  1- 3 |  4- 6 |  7- 9 || total
---------------------------+-------+-------+-------++-------
  Melee: Mace              |   118 |    69 |    67 ||   254
         Tailslap          |    18 |    17 |    16 ||    51
         Punch             |     1 |     1 |       ||     2
         Flail             |       |   155 |   111 ||   266
  Throw: Stone             |    12 |    15 |    11 ||    38
         Dart              |       |    16 |     7 ||    23
 Invoke: Curse Item        |       |       |     1 ||     1
  Evoke: Wand              |       |       |     2 ||     2
    Use: Scroll            |       |     5 |     4 ||     9
         Potion            |       |     2 |       ||     2
   Stab: Sleeping          |     5 |       |       ||     5
         Invisible         |       |     1 |       ||     1
 Armour: Leather armour    |    56 |    14 |       ||    70
         Ring mail         |       |    90 |    71 ||   161
  Dodge: Dodged            |    54 |   100 |    71 ||   225
  Block: Other             |       |    11 |    48 ||    59

Table legend: (Time is in decaauts)
 A = Elapsed time spent in this place.
 B = Non-inter-level travel time spent in this place.
 C = Inter-level travel time spent in this place.
 D = Time resting spent in this place.
 E = Time spent auto-exploring this place.
 F = Levels seen in this place.
 G = Mean time per level.
                   A        B        C        D        E       F      G
               +--------+--------+--------+--------+--------+-----+--------+
         Total |   6233 |   6020 |    213 |    288 |   4039 |   7 |  890.4 |
       Dungeon |   5995 |   5819 |    176 |    288 |   3849 |   6 |  999.2 |
        Temple |    237 |    200 |     37 |      0 |    190 |   1 |  237.0 |
               +--------+--------+--------+--------+--------+-----+--------+

Top non-repeatable levels by time:
     D:2: 1444 daAuts
     D:5: 1357 daAuts
     D:1: 1227 daAuts
     D:4: 939 daAuts
     D:3: 828 daAuts
  Temple: 237 daAuts
     D:6: 199 daAuts
